AoeStats
← Kez

Black Forest

510311657Analyzed
3v3 RM · 22h ago on Sep 30, 2026· 54m 44s· 6 players
Game mode
Random Map
Map size
Normal (6 player)
Population
200
Speed
Normal
Resources
Standard
Victory
Conquest
Starting age
Dark Age
Ending age
Imperial Age
RankedLock teamsTeams togetherTeam positionsShared explorationLock speedFull tech treeHidden civsTurbo modeCheats
Victory
Defeat
🇳🇱 Armenians · Netherlands
1240
+12
🇨🇱 Vikings · Chile
1223
+13
🇲🇽 Mongols · Mexico
1221
+13
🇨🇳 Turks · China
1171
-13
🇦🇹 Franks · Austria
1158
-13
🇭🇺 Poles · Hungary
1141
-12
what_is_your_strategy
0:57 Loom
11:55 Feudal Age
12:34 Double-Bit Axe
19:42 Castle Age
18:05 Stone Mining
19:26 Scale Barding Armor
19:31 Forging
22:45 Wheelbarrow
27:09 Chain Barding Armor
27:25 Iron Casting
27:29 Bow Saw
28:05 Iron Casting
28:48 Husbandry
28:50 Town Watch
30:29 Gold Mining
35:29 Imperial Age
35:52 Cavalier
37:37 Blast Furnace
40:50 Hand Cart
41:43 Plate Barding Armor
51:10 Gold Shaft Mining
51:02 Light Cavalry
ChuckAcsuka
4:54 Loom
12:03 Feudal Age
17:15 Castle Age
15:03 Double-Bit Axe
16:00 Horse Collar
18:48 Bow Saw
23:05 Forging
23:45 Scale Barding Armor
25:41 Chain Barding Armor
28:48 Szlachta Privileges
30:09 Wheelbarrow
30:28 Bloodlines
30:19 Husbandry
30:15 Gold Mining
33:54 Iron Casting
36:37 Hand Cart
41:18 Imperial Age
41:20 Cavalier
43:03 Blast Furnace
45:36 Conscription
47:57 Light Cavalry
48:57 Heavy Plow
50:21 Lechitic Legacy
49:43 Winged Hussar
51:45 Onager
53:58 Fletching
55:09 Ballistics
54:49 Murder Holes
easymoney
12:20 Feudal Age
18:50 Castle Age
16:46 Double-Bit Axe
20:54 Bow Saw
20:27 Horse Collar
20:59 Fishing Lines
22:36 Stone Mining
23:44 Gillnets
24:08 Gold Mining
26:00 Wheelbarrow
27:31 Hand Cart
28:47 Gold Shaft Mining
28:20 Loom
32:12 Imperial Age
31:24 Scale Barding Armor
31:30 Forging
33:06 Elite Janissary
34:07 Conscription
35:39 Two-Man Saw
38:14 Padded Archer Armor
38:05 Fletching
38:50 Iron Casting
40:00 Bloodlines
39:50 Husbandry
41:13 Artillery
41:49 Hoardings
41:26 Heavy Plow
43:48 Blast Furnace
42:48 Scale Mail Armor
43:08 Chain Barding Armor
43:04 Leather Archer Armor
42:44 Bodkin Arrow
47:52 Chain Mail Armor
48:12 Plate Barding Armor
48:08 Ring Archer Armor
48:01 Caravan
50:55 Guilds
51:03 Guilds
51:26 Plate Mail Armor
51:31 Plate Barding Armor
50:57 Bracer
Barba_Tiesa
1:21 Loom
12:21 Feudal Age
17:28 Castle Age
15:26 Double-Bit Axe
17:28 Fletching
18:16 Wheelbarrow
17:53 Fishing Lines
18:38 Gillnets
21:29 Bodkin Arrow
23:16 Gold Mining
29:47 Imperial Age
28:46 Bow Saw
29:16 Gold Shaft Mining
29:04 Padded Archer Armor
30:25 Ballistics
30:48 Bracer
31:11 Hand Cart
30:38 Horse Collar
31:38 Town Watch
31:54 Heavy Plow
32:25 Leather Archer Armor
34:13 Chemistry
33:18 Stone Mining
36:47 Elite Mangudai
39:15 Stone Shaft Mining
39:42 Conscription
38:49 Capped Ram
40:40 Thumb Ring
41:05 Bloodlines
40:56 Husbandry
43:41 Parthian Tactics
43:38 Siege Ram
45:53 Siege Engineers
45:59 Masonry
48:04 Drill
50:40 Caravan
Kez
1:04 Loom
11:58 Feudal Age
13:56 Double-Bit Axe
16:31 Castle Age
21:41 Wheelbarrow
21:37 Fishing Lines
21:48 Horse Collar
22:02 Stone Mining
23:10 Gillnets
28:39 Imperial Age
27:12 Gold Mining
27:32 Bow Saw
27:41 Hand Cart
27:11 Town Watch
27:35 Scale Mail Armor
27:40 Treadmill Crane
27:31 Man-at-Arms
28:16 Squires
28:02 Gambesons
29:42 Conscription
28:49 Onager
29:06 Long Swordsman
31:38 Chemistry
30:12 Two-Handed Swordsman
31:31 Forging
30:58 Capped Ram
31:30 Champion
32:38 Arson
32:36 Pikeman
33:36 Heavy Plow
34:21 Chain Mail Armor
33:50 Halberdier
35:33 Iron Casting
35:32 Siege Ram
37:19 Blast Furnace
38:51 Plate Mail Armor
38:36 Masonry
40:04 Conscription
39:55 Fereters
48:51 Caravan
Crusader
0:26 Loom
8:49 Loom
11:05 Feudal Age
11:47 Double-Bit Axe
11:54 Gold Mining
18:08 Horse Collar
21:56 Castle Age
22:08 Crossbowman
22:40 Fletching
22:50 Padded Archer Armor
23:40 Bodkin Arrow
24:06 Heavy Plow
24:17 Bow Saw
24:44 Gold Shaft Mining
25:02 Stone Mining
26:57 Leather Archer Armor
32:21 Imperial Age
30:43 Town Watch
31:14 Scale Mail Armor
31:24 Forging
32:22 Chain Mail Armor
32:45 Chieftains
33:46 Crop Rotation
35:25 Iron Casting
37:04 Chemistry
36:10 Bracer
36:28 Arbalester
40:11 Blast Furnace
40:04 Plate Mail Armor
40:57 Bogsveigar
43:09 Ring Archer Armor
42:41 Elite Berserk
43:44 Conscription
43:43 Squires
43:28 Arson
48:41 Ballistics
51:56 Two-Man Saw
51:13 Town Patrol
51:28 Elite Varangian Guard
Connection lost

Rejoining the realm…

Still unreachable

The connection could not be restored.

Session expired

The server has moved on; the page needs a fresh start.